 Dungeon Sprint DCSS version 0.21-a0-297-ga3d34c2 (webtiles) character file.

2741 potatolord6000 the Martial Artist (level 9, 0/74 HPs)
             Began as a Gnoll Transmuter on Sept 28, 2017.
             Was a Believer of Sif Muna.
             Slain by an unseen horror (3 damage)
             ... in the Dungeon (Sprint III: "The Ten Rune Challenge").
             The game lasted 00:06:46 (1916 turns).

potatolord6000 the Martial Artist (GnTm)            Turns: 1916, Time: 00:06:46

Health: 0/74       AC:  3    Str: 15    XL:     9   Next: 68%
Magic:  21/22      EV: 18    Int: 16    God:    Sif Muna [**....]
Gold:   35         SH:  0    Dex: 16    Spells: 13/26 levels left

rFire    . . .     SeeInvis .     - Unarmed
rCold    . . .     Gourm    .   (shield currently unavailable)
rNeg     . . .     Faith    .   b - +1 robe
rPois    .         Spirit   .   (no helmet)
rElec    .         Reflect  .   (no cloak)
rCorr    .         Harm     .   (gloves currently unavailable)
MR       .....     NoTele   +   (no boots)
Stlth    ++++......             (no amulet)
HPRegen  0.22/turn              (no ring)
MPRegen  0.18/turn              (no ring)

@: blade hands (expiring)
A: distributed training, fangs 1, strong nose
a: End Transformation, Divine Energy, Renounce Religion


You were in the Dungeon.
You worshipped Sif Muna.
Sif Muna was pleased with you.
You were full.
You had blades for hands.
You visited 1 branch You collected 35 gold pieces.

Inventory:

Missiles
 a - 79 arrows
Armour
 b - a +1 robe (worn)
Potions
 h - 2 potions of magic
 p - 2 potions of flight
Books
 c - a book of Changes

   Spells                             Type                      Level
   a - Beastly Appendage              Transmutation                1
   b - Sticks to Snakes               Transmutation                2
   c - Spider Form                    Transmutation/Poison         3
   d - Ice Form                       Ice/Transmutation            4
   e - Blade Hands                    Transmutation                5
 f - a book of Cantrips

   Spells                             Type                      Level
   a - Confusing Touch                Hexes                        1
   b - Animate Skeleton               Necromancy                   1
   c - Summon Small Mammal            Summoning                    1
   d - Apportation                    Translocation                1
 i - a book of Death

   Spells                             Type                      Level
   a - Corpse Rot                     Necromancy                   2
   b - Sublimation of Blood           Necromancy                   2
   c - Agony                          Necromancy                   5
   d - Dispel Undead                  Necromancy                   5
   e - Excruciating Wounds            Charms/Necromancy            5
   f - Bolt of Draining               Conjuration/Necromancy       5
Comestibles
 d - a bread ration
 g - a royal jelly


   Skills:
 + Level 8.0 Fighting
 + Level 7.6 Short Blades
 + Level 7.7 Long Blades
 + Level 7.5 Axes
 + Level 7.5 Maces & Flails
 + Level 7.6 Polearms
 + Level 7.4 Staves
 + Level 7.2 Slings
 + Level 7.7 Bows
 + Level 7.9 Crossbows
 + Level 8.3 Throwing
 + Level 7.6 Armour
 + Level 8.9 Dodging
 + Level 7.3 Stealth
   Level 0.0 Stabbing
 + Level 7.8 Shields
   Level 0.0 Traps
 + Level 10.5 Unarmed Combat
 + Level 9.1 Spellcasting
 + Level 8.0 Conjurations
 + Level 7.4 Hexes
 + Level 8.2 Charms
 + Level 7.4 Summonings
 + Level 7.8 Necromancy
 + Level 7.4 Translocations
 + Level 9.2 Transmutations
 + Level 7.7 Fire Magic
 + Level 7.6 Ice Magic
 + Level 7.5 Air Magic
 + Level 7.9 Earth Magic
 + Level 7.1 Poison Magic
 + Level 7.2 Invocations
 + Level 7.7 Evocations


You had 13 spell levels left.
You knew the following spells:

 Your Spells              Type           Power        Failure   Level  Hunger
a - Beastly Appendage     Tmut           #####.       9%          1    None
b - Spider Form           Tmut/Pois      ####......   16%         3    #......
c - Ice Form              Ice/Tmut       ####....     26%         4    ###....
d - Blade Hands           Tmut           #####.....   36%         5    #####..


Dungeon Overview and Level Annotations

Branches:
Dungeon (1/1)

Altars:
Cheibriados
Dithmenos
Elyvilon
Fedhas
Gozag
Hepliaklqana
Kikubaaqudgha
Makhleb
Nemelex Xobeh
Okawaru
Qazlal
Ru
Sif Muna
Trog
Uskayaw
Vehumet
Wu Jian
Xom
Yredelemnul
Zin
The Shining One
Beogh
Jiyva
Lugonu


Innate Abilities, Weirdness & Mutations

Your experience applies equally to all skills.
You have very sharp teeth.
Your uncanny sense of smell can sniff out nearby items.


Message History

Something misses you.
You barely miss something. Something closely misses you. Something hits you!
You closely miss something. Something hits you. Something hits you!
* * * LOW HITPOINT WARNING * * *
Something barely misses you.
There is an open door here.
Something hits you.
* * * LOW HITPOINT WARNING * * *
Something hits you!
* * * LOW HITPOINT WARNING * * *
Okay, then.
You slash something! Something barely misses you.
Unknown command.
Something hits you.
* * * LOW HITPOINT WARNING * * *
There is an open door here.
Unknown command.
Your transformation is almost over.
Something hits you.
You die...

#### ∆ #__# ∆ ∆ ∆∆ #._#∆∆ ∆
#'##∆ ∆ ...#∆ ∆∆ ...#∆ ∆ ∆
##'# ∆
...#+#####################
...#.§§§§§§#.'..@'.#.#.#.+∆∆
...#§#§§≈#.#.#){)##.#.#.##∆ ∆
...+.#§§§#.#.#...#.#.#.#.#∆
...#.#§§§#...#...##.#.#.##∆∆∆
▓▓▓▓▓▓▓▓▓▓▓▓▓▓▓▓▓#.#.#.#.#
∆∆∆∆∆ ##.#.#.##∆∆ ∆∆∆
+.#.#.#.#∆∆ ∆∆ ##.#.#.##
#+####


There were no monsters in sight!

Vanquished Creatures
  Snorg (D)
  A centaur warrior (D)
  A deep elf mage (D)
  A shadow (D)
  A necrophage (D)
  2 centaurs (D)
  An earth elemental (D)
  A water elemental (D)
  A jelly (D)
  A wizard (D)
  A necromancer (D)
  3 humans (D)
  A kobold demonologist (D)
  An ooze (D)
  A phantom (D)
  3 rats (D)
21 creatures vanquished.

Vanquished Creatures (others)
  2 draconian scorchers (D)
  6 hellions (D)
  2 yaktaurs (D)
10 creatures vanquished.

Grand Total: 31 creatures vanquished

Notes
Turn   | Place    | Note
-------+----------+-------------------------------------------
     0 | D        | potatolord6000 the Gnoll Transmuter began the quest for the Orb.
     0 | D        | Reached XP level 1. HP: 17/17 MP: 6/6
     6 | D        | Reached skill level 1 in Short Blades
     6 | D        | Reached skill level 1 in Axes
     6 | D        | Reached skill level 1 in Polearms
     6 | D        | Reached skill level 1 in Crossbows
     6 | D        | Reached skill level 5 in Transmutations
     6 | D        | Reached skill level 1 in Fire Magic
     6 | D        | Reached skill level 1 in Air Magic
    19 | D        | Reached XP level 2. HP: 23/23 MP: 7/7
    52 | D        | Reached skill level 1 in Maces & Flails
    52 | D        | Reached skill level 1 in Slings
    52 | D        | Reached skill level 1 in Stealth
    52 | D        | Reached skill level 1 in Shields
    52 | D        | Reached skill level 7 in Unarmed Combat
    52 | D        | Reached skill level 5 in Spellcasting
    52 | D        | Reached skill level 1 in Conjurations
    52 | D        | Reached skill level 1 in Hexes
    52 | D        | Reached skill level 1 in Summonings
    52 | D        | Reached skill level 1 in Necromancy
    52 | D        | Reached skill level 1 in Translocations
    52 | D        | Reached skill level 1 in Earth Magic
    52 | D        | Reached skill level 1 in Invocations
    52 | D        | Reached XP level 3. HP: 14/28 MP: 7/9
    79 | D        | Killed a hellion
    90 | D        | Killed a yaktaur
    94 | D        | Killed a hellion
    94 | D        | Killed a hellion
    94 | D        | Killed a hellion
    95 | D        | Killed a hellion
   118 | D        | Killed a hellion
   212 | D        | Learned a level 3 spell: Spider Form
   228 | D        | Reached skill level 1 in Staves
   228 | D        | Reached skill level 1 in Evocations
   272 | D        | Killed a white draconian scorcher
   285 | D        | Noticed a water elemental
   292 | D        | Killed a water elemental
   292 | D        | Reached skill level 5 in Dodging
   292 | D        | Reached skill level 1 in Poison Magic
   292 | D        | Reached XP level 4. HP: 16/35 MP: 7/11
   322 | D        | Killed a white draconian scorcher
   497 | D        | Learned a level 4 spell: Ice Form
   532 | D        | Found a glowing silver altar of Zin.
   532 | D        | Found a glowing golden altar of the Shining One.
   532 | D        | Found a white marble altar of Elyvilon.
   533 | D        | Noticed a deep elf mage
   536 | D        | Noticed an ice beast
   542 | D        | Killed a deep elf mage
   542 | D        | Reached skill level 5 in Fighting
   542 | D        | Reached skill level 5 in Long Blades
   542 | D        | Reached skill level 5 in Polearms
   542 | D        | Reached skill level 5 in Throwing
   542 | D        | Reached skill level 5 in Armour
   542 | D        | Reached skill level 5 in Shields
   542 | D        | Reached skill level 8 in Unarmed Combat
   542 | D        | Reached skill level 5 in Conjurations
   542 | D        | Reached skill level 5 in Charms
   542 | D        | Reached skill level 5 in Fire Magic
   542 | D        | Reached skill level 5 in Earth Magic
   542 | D        | Reached XP level 5. HP: 29/44 MP: 9/14
   542 | D        | Reached XP level 6. HP: 34/51 MP: 9/15
   542 | D        | Reached XP level 7. HP: 37/56 MP: 10/17
   688 | D        | Learned a level 5 spell: Blade Hands
   689 | D        | Found a radiant altar of Vehumet.
   689 | D        | Found a deep blue altar of Sif Muna.
   689 | D        | Found an ancient bone altar of Kikubaaqudgha.
   693 | D        | Reached skill level 5 in Evocations
   694 | D        | Reached skill level 5 in Axes
   694 | D        | Reached skill level 5 in Crossbows
   694 | D        | Reached skill level 5 in Necromancy
   694 | D        | Reached skill level 5 in Ice Magic
   705 | D        | Killed a yaktaur
   712 | D        | Found an ornate altar of the Wu Jian Council.
   712 | D        | Found a roughly hewn altar of Beogh.
   712 | D        | Found an iron altar of Okawaru.
   712 | D        | Found a bloodstained altar of Trog.
   712 | D        | Found a hide-covered altar of Uskayaw.
   712 | D        | Noticed a human
   713 | D        | Noticed a human
   723 | D        | Killed a human
   723 | D        | Reached skill level 5 in Short Blades
   723 | D        | Reached skill level 5 in Maces & Flails
   723 | D        | Reached skill level 5 in Staves
   723 | D        | Reached skill level 5 in Slings
   723 | D        | Reached skill level 5 in Bows
   723 | D        | Reached skill level 5 in Stealth
   723 | D        | Reached skill level 5 in Hexes
   723 | D        | Reached skill level 5 in Summonings
   723 | D        | Reached skill level 5 in Translocations
   723 | D        | Reached skill level 5 in Air Magic
   730 | D        | Killed a human
   730 | D        | Reached skill level 9 in Unarmed Combat
   730 | D        | Reached skill level 5 in Poison Magic
   730 | D        | Reached skill level 5 in Invocations
   846 | D        | Found a basalt altar of Yredelemnul.
   846 | D        | Found a shadowy altar of Dithmenos.
   846 | D        | Found a sacrificial altar of Ru.
   848 | D        | Reached XP level 8. HP: 65/65 MP: 13/19
   871 | D        | Became a worshipper of Sif Muna the Loreminder
  1009 | D        | Noticed a shadow
  1014 | D        | Killed a shadow
  1016 | D        | Found a blossoming altar of Fedhas.
  1017 | D        | Found a stormy altar of Qazlal.
  1019 | D        | Found a snail-covered altar of Cheibriados.
  1019 | D        | Found a burning altar of Makhleb.
  1022 | D        | Found a shimmering altar of Xom.
  1023 | D        | Found a hazy altar of Hepliaklqana.
  1023 | D        | Found an opulent altar of Gozag.
  1023 | D        | Found a sparkling altar of Nemelex Xobeh.
  1023 | D        | Found a corrupted altar of Lugonu.
  1023 | D        | Found a viscous altar of Jiyva.
  1040 | D        | Noticed Snorg
  1051 | D        | Killed Snorg
  1051 | D        | Reached * piety under Sif Muna
  1051 | D        | Reached skill level 10 in Unarmed Combat
  1051 | D        | Reached XP level 9. HP: 23/72 MP: 17/21
  1597 | D        | Noticed a centaur warrior
  1604 | D        | Killed a centaur warrior
  1604 | D        | Reached ** piety under Sif Muna
  1915 | D        | HP: 3/74 [something (5)]
  1916 | D        | Slain by an unseen horror

Vault maps used:
D:        dungeon_sprint_mu

Skill      XL: |  1  2  3  4  5  6  7  8  9 |
---------------+----------------------------+-----
Short Blades   | 1 2 4 5 6 7 |  7.6
Axes           | 1 2 4 5 6 7 |  7.5
Polearms       | 1 2 5 7 |  7.6
Crossbows      | 1 2 4 5 7 |  7.9
Transmutations | 5 7 8 9 |  9.2
Fire Magic     | 2 3 5 6 7 |  7.7
Air Magic      | 1 2 4 5 6 7 |  7.5
Long Blades    | 2 3 5 6 7 |  7.7
Maces & Flails | 1 2 4 5 6 7 |  7.5
Slings         | 1 2 4 5 6 7 |  7.2
Throwing       | 2 3 5 6 7 8 |  8.3
Armour         | 2 3 5 7 |  7.6
Stealth        | 1 2 4 5 6 7 |  7.3
Shields        | 1 2 5 7 |  7.8
Unarmed Combat | 7 8 9 10 | 10.5
Spellcasting   | 5 6 7 8 9 |  9.1
Conjurations   | 1 2 5 6 7 8 |  8.0
Hexes          | 1 2 4 5 6 7 |  7.4
Charms         | 2 3 5 6 7 8 |  8.2
Summonings     | 1 2 4 5 6 7 |  7.4
Necromancy     | 1 2 4 5 7 |  7.8
Translocations | 1 2 4 5 6 7 |  7.4
Earth Magic    | 1 2 5 7 |  7.9
Invocations    | 1 2 4 5 6 7 |  7.2
Staves         | 2 4 5 6 7 |  7.4
Evocations     | 2 4 5 7 |  7.7
Fighting       | 3 5 6 7 8 |  8.0
Bows           | 2 4 5 6 7 |  7.7
Dodging        | 5 6 7 8 |  8.9
Ice Magic      | 2 4 5 6 7 |  7.6
Poison Magic   | 1 4 5 6 7 |  7.1

Action                   |  1- 3 |  4- 6 |  7- 9 || total
-------------------------+-------+-------+-------++-------
Melee: Unarmed           |    21 |     6 |    47 ||    74
       Kick              |     6 |       |       ||     6
       Bite              |     2 |       |       ||     2
       Punch             |     1 |       |       ||     1
 Cast: Beastly Appendage |     2 |       |       ||     2
       Spider Form       |     2 |       |     1 ||     3
       Ice Form          |       |     1 |     4 ||     5
       Blade Hands       |       |       |     4 ||     4
  Use: Potion            |     2 |     1 |     3 ||     6
       Scroll            |     5 |       |     3 ||     8
 Stab: Sleeping          |       |       |     2 ||     2
  Eat: Meat ration       |       |       |     1 ||     1
       Bread ration      |       |       |     1 ||     1
Armor: Robe              |     1 |       |     3 ||     4
       Skin              |       |     1 |     2 ||     3
Dodge: Dodged            |     8 |     3 |    38 ||    49

Table legend:
 A = Spawn XP
 B = Non-spawn XP
 C = Spawn XP percentage of total XP
 D = Spawn monster count
 E = Non-spawn monster count
 F = Spawn count percentage of total count
 G = Total turns spent on level
                    A         B        C        D         E        F      G
               +---------+---------+-------+---------+---------+-------+---------
         Total |       0 |    3917 |   0.0 |       0 |      21 |   0.0 |  1916
               +---------+---------+-------+---------+---------+-------+---------
             D |       0 |    3917 |   0.0 |       0 |      21 |   0.0 |  1916
               +---------+---------+-------+---------+---------+-------+---------
